 Dungeon Crawl Stone Soup version bcrawl-1.41.1 (webtiles) character file.

Game seed: 15311969849088650994

113103 Yshiel the Chiller (level 3, 0/25 HPs)
             Began as a Gnoll Ice Elementalist on Apr 25, 2024.
             Succumbed to a gnoll's poison
             ... on level 3 of the Dungeon.
             The game lasted 00:09:33 (1482 turns).

Yshiel the Chiller (Gnoll Ice Elementalist)         Turns: 1482, Time: 00:09:34

Health: 0/25       AC:  2    Str: 10    XL:     3   Next: 75%
Magic:  4/9        EV: 14    Int: 17    God:
Gold:   64         SH:  0    Dex: 16    Spells: 11/12 levels left

rFire    . . .     GDR:     28% f - +3 short sword
rCold    . . .     SeeInvis .   (no shield)
rNeg     + . .     Gourm    .   a - +0 robe
rPois    .         Faith    .   (no helmet)
rElec    .         Spirit   .   (no cloak)
rCorr    .         Reflect  .   (no gloves)
MR       .....                  (no boots)
Stlth    +++.......             (no amulet)
HPRegen  0.14/turn              g - ring of positive energy
MPRegen  0.11/turn              (no ring)

@: lethally poisoned (0 -> -28)
A: distributed training, fangs 1, strong nose
a: no special abilities


You were on level 3 of the Dungeon.
You were not hungry.

You visited 1 branch of the dungeon, and saw 3 of its levels.

You collected 64 gold pieces.

Inventory:

Hand Weapons
 f - a +3 short sword (weapon)
Missiles
 b - 421 sling bullets
 d - 95 arrows
 k - 416 stones (quivered)
Armour
 a - a +0 robe (worn)
Jewellery
 g - a ring of positive energy (left hand)
Wands
 c - a wand of iceblast (1)
Scrolls
 h - a scroll of amnesia {unknown}
 i - 3 scrolls of identify
 j - 2 scrolls of remove curse {unknown}
 n - a scroll of teleportation {unknown}
Potions
 m - a potion of brilliance {unknown}
 o - a potion of invisibility {unknown}
 p - a potion of flight {unknown}
Comestibles
 e - 4 rations {!d}
 l - a chunk of flesh


   Skills:
 + Level 0.9 Fighting
 + Level 0.9 Short Blades
 + Level 0.9 Long Blades
 + Level 0.9 Axes
 + Level 0.9 Maces & Flails
 + Level 0.9 Polearms
 + Level 0.9 Staves
 + Level 0.9 Slings
 + Level 0.9 Bows
 + Level 0.9 Crossbows
 + Level 0.9 Throwing
 + Level 0.9 Armour
 + Level 4.5 Dodging
 + Level 4.5 Stealth
 + Level 0.9 Shields
 + Level 0.9 Unarmed Combat
 + Level 5.0 Spellcasting
 + Level 2.1 Conjurations
 + Level 0.6 Hexes
 + Level 0.6 Charms
 + Level 0.6 Summonings
 + Level 0.6 Necromancy
 + Level 0.6 Translocations
 + Level 0.6 Transmutations
 + Level 0.6 Fire Magic
 + Level 5.4 Ice Magic
 + Level 0.6 Air Magic
 + Level 0.6 Earth Magic
 + Level 0.6 Poison Magic
 + Level 1.0 Invocations
 + Level 0.9 Evocations


You had 11 spell levels left.
You knew the following spells:

 Your Spells              Type           Power        Failure   Level  Hunger
a - Freeze                Ice            ###...       1%          1    None

Your spell library contained the following spells:

 Spells                   Type           Power        Failure   Level  Hunger
 Throw Frost              Conj/Ice       ###...       1%          2    None
 Ozocubu's Armour         Chrm/Ice       ##......     12%         3    ###....
 Throw Icicle             Conj/Ice       ###.....     30%         4    #####..
 Ice Form                 Ice/Tmut       ##......     38%         4    #####..
 Summon Ice Beast         Ice/Summ       ##......     38%         4    #####..


Dungeon Overview and Level Annotations

Branches:
Dungeon (3/12)

Altars:
Ashenzari
Elyvilon


Innate Abilities, Weirdness & Mutations

Your experience applies equally to all skills.
You have very sharp teeth.
Your uncanny sense of smell can sniff out nearby items.


Message History

You freeze the gnoll.
The gnoll is almost dead.
The bullfrog croaks.
You feel sick. The gnoll closely misses you.
Casting: Freeze (safe; 1% risk of failure)
Confirm with . or Enter, or press ? or * to list all spells.
Aiming: Freeze (safe; 1% risk of failure)
Press: ? - help, Shift-Dir - straight line, f/p - gnoll
Aim: a gnoll, wielding a +0 spear of venom (almost dead)
You freeze the gnoll.
The gnoll is almost dead.
You feel sick.
The gnoll hits you with a +0 spear of venom.
* * * LOW HITPOINT WARNING * * *
You are more poisoned.
* * * LOW HITPOINT WARNING * * *
You feel sick.
The gnoll hits you from afar with a +0 spear of venom.
* * * LOW HITPOINT WARNING * * *
You die...

.Z# #F#
#g# #g#
#g# #g#
#.# ####.#
#..@.#
#.#### #.#
#.# #.#
#.# #.#
#.#
#.########


You could see a bullfrog and 4 gnolls.

Vanquished Creatures
  An adder (D:2)
  3 worms
  A dart slug (D:1)
  A leopard gecko (D:1)
  A giant cockroach (D:1)
  2 goblins
  2 hobgoblins (D:2)
  5 jackals
  A quokka (D:2)
  5 bats
  2 frilled lizards
  2 kobolds (D:1)
  4 rats
30 creatures vanquished.

Notes
Turn   | Place    | Note
-------+----------+-------------------------------------------
     0 | D:1      | Yshiel the Gnoll Ice Elementalist began the quest for the
                  | Orb.
     0 | D:1      | Reached XP level 1. HP: 13/13 MP: 6/6
    70 | D:1      | Reached XP level 2. HP: 14/19 MP: 2/7
   705 | D:2      | Reached XP level 3. HP: 25/25 MP: 9/9
   714 | D:2      | Reached skill level 5 in Spellcasting
  1133 | D:2      | Reached skill level 1 in Invocations
  1253 | D:2      | Found a white marble altar of Elyvilon.
  1260 | D:2      | Found a shattered altar of Ashenzari.
  1478 | D:3      | Noticed a bullfrog
  1482 | D:3      | Succumbed to a gnoll's poison

Skill      XL: |  1  2  3 |
---------------+----------+-----
Conjurations   | 2 |  2.1
Spellcasting   | 5 |  5.0
Invocations    | 1 |  1.0
Fighting       | |  0.9
Short Blades   | |  0.9
Long Blades    | |  0.9
Axes           | |  0.9
Maces & Flails | |  0.9
Polearms       | |  0.9
Staves         | |  0.9
Slings         | |  0.9
Bows           | |  0.9
Crossbows      | |  0.9
Throwing       | |  0.9
Armour         | |  0.9
Dodging        | |  4.5
Stealth        | |  4.5
Shields        | |  0.9
Unarmed Combat | |  0.9
Hexes          | |  0.6
Charms         | |  0.6
Summonings     | |  0.6
Necromancy     | |  0.6
Translocations | |  0.6
Transmutations | |  0.6
Fire Magic     | |  0.6
Ice Magic      | |  5.4
Air Magic      | |  0.6
Earth Magic    | |  0.6
Poison Magic   | |  0.6
Evocations     | |  0.9

Action                   || total
-------------------------++-------
Melee: Unarmed           ||     1
       Short sword       ||    57
       Bite              ||     7
 Cast: Freeze            ||    23
  Use: Scroll            ||     1
 Stab: Sleeping          ||     3
  Eat: Chunk             ||     4
Armor: Robe              ||    14
Dodge: Dodged            ||    69
